 Dungeon Crawl Stone Soup version 0.26.1-11-gd32895ea62 (webtiles) character file.

Game seed: 5172453190467562351

43 Sopht the Caller (level 3, -5/19 HPs)
             Began as a Tengu Summoner on July 19, 2021.
             Slain by Sigmund
             ... wielding a +0 scythe
              (10 damage)
             ... on level 2 of the Dungeon.
             The game lasted 00:15:16 (1497 turns).

Sopht the Caller (Tengu Summoner)                   Turns: 1497, Time: 00:15:17

Health: -5/19      AC:  6    Str:  8    XL:     3   Next: 58%
Magic:  1/7        EV: 12    Int: 15    God:
Gold:   58         SH:  0    Dex: 15    Spells: 3/6 levels left

rFire    . . .     SeeInvis .   c - +0 dagger
rCold    . . .     Faith    .   (no shield)
rNeg     . . .     Spirit   .   k - +0 leather armour
rPois    .         Reflect  .   (helmet restricted)
rElec    .         Harm     .   j - +2 cloak
rCorr    .         Rampage  .   (no gloves)
Will     .....                  (boots unavailable)
Stlth    ++........             (no amulet)
HPRegen  0.06/turn              (no ring)
MPRegen  0.10/turn              (no ring)

@: no status effects
A: beak, talons 3
a: no special abilities


You were on level 2 of the Dungeon.
You visited 1 branch of the dungeon, and saw 2 of its levels.

You collected 58 gold pieces.

Inventory:

Hand Weapons
 c - a +0 dagger (weapon)
Missiles
 n - 16 poisoned darts
Armour
 a - a +0 robe
 g - a +0 buckler
 h - a +0 buckler
 j - a +2 cloak (worn)
 k - a +0 leather armour (worn)
Wands
 f - a wand of flame (14)
Scrolls
 i - a scroll of remove curse
 l - 2 scrolls of identify {unknown}
 m - a scroll of noise {unknown}
Potions
 b - a potion of attraction {unknown}
 e - a potion of heal wounds {unknown}


   Skills:
 + Level 2.4 Dodging
 + Level 2.2 Stealth
 + Level 2.4 Spellcasting
 + Level 5.6 Summonings


You had 3 spell levels left.
You knew the following spells:

 Your Spells              Type           Power        Failure   Level
a - Summon Small Mammal   Summ           72%          3%          1
b - Call Imp              Summ           18%          4%          2

Your spell library contained the following spells:

 Spells                   Type           Power        Failure   Level
 Call Canine Familiar     Summ           18%          9%          3
 Summon Guardian Golem    Hex/Summ       10%          28%         3
 Summon Ice Beast         Ice/Summ       10%          67%         4
 Summon Lightning Spire   Summ/Air       10%          67%         4


Dungeon Overview and Level Annotations

Branches:
Dungeon (2/15)

Altars:

Annotations:
D:2 Sigmund


Innate Abilities, Weirdness & Mutations

You have a beak for a mouth.
You have claws for feet.


Message History

The puff of flame hits something!
You hear some strange, mumbled words.
Something tries to affect you, but you resist.
Aiming: Throw Flame
Press: ? - help, Shift-Dir - straight line Something hits you but does no damage.
Casting: Summon Small Mammal (safe; 3% risk of failure)
Press: ? - help, Q - select action, (/) - cycle Dir - look around, f - activate
Casting: Summon Small Mammal (safe; 3% risk of failure)
Press: ? - help, Q - select action, (/) - cycle Dir - look around, f - activate Your bat hits something but does no damage.
Something hits you!
Ouch! That really hurt!
* * * LOW HITPOINT WARNING * * *
Your bat hits something but does no damage. x2
Your bat barely misses something.
Your bat hits something but does no damage.
Something hits you!
Ouch! That really hurt!
You die...

#### #. #. #. #. #
#. #.#.#########
#....(......####
#######...........#
..#..@.######.##.#
############.#bb###
###†##.#
.§>..........#{.#
#...##.###
############...##
#.####...# ##.##
#.# ###.# ## #.#
#.# #.# .# #.#
#.######.# .# #.#
#.....##.# ?# #.#
#####.##r#


You could see 2 friendly bats.

Vanquished Creatures
  A leopard gecko (D:1)
  3 bats (D:1)
  2 giant cockroaches
  A hobgoblin (D:1)
  3 rats
10 creatures vanquished.

Vanquished Creatures (collateral kills)
  An adder (D:2)
  An ooze (D:1)
  A worm (D:2)
  4 leopard geckos (D:1)
  A ball python (D:1)
  2 giant cockroaches (D:1)
  6 goblins
  2 hobgoblins
  2 jackals (D:2)
  A bat (D:1)
  A frilled lizard (D:1)
  4 kobolds (D:1)
  A rat (D:2)
27 creatures vanquished.

Grand Total: 37 creatures vanquished

Notes
Turn   | Place    | Note
-------+----------+-------------------------------------------
     0 | D:1      | Sopht the Tengu Summoner began the quest for the Orb.
     0 | D:1      | Reached XP level 1. HP: 10/10 MP: 4/4
    56 | D:1      | Reached skill level 5 in Summonings
   142 | D:1      | Reached XP level 2. HP: 8/15 MP: 1/6
   462 | D:1      | Reached XP level 3. HP: 19/19 MP: 2/7
   968 | D:2      | Learned a level 2 spell: Call Imp
  1396 | D:2      | Noticed Sigmund
  1497 | D:2      | Slain by Sigmund

Illustrated notes

Levels and vault maps discovered:
D:1:      dpeg_arrival_more_subterranean_lakeside_camping, layout_rooms
D:2:      layout_loops_ring, minmay_distorted, uniq_sigmund

Skill      XL: |  1 |
---------------+----+-----
Summonings     | 5 |  5.6
Dodging        | |  2.4
Stealth        | |  2.2
Spellcasting   | |  2.4

Action                   || total
-------------------------++-------
Melee: Unarmed           ||     6
       Dagger            ||    35
       Kick              ||     9
       Peck              ||     3
 Cast: Summon Small Mamm ||    80
Evoke: Wand              ||     3
  Use: Scroll            ||     2
       Potion            ||     1
 Stab: Sleeping          ||     1
Armor: Robe              ||    13
       Leather armour    ||     9
Dodge: Dodged            ||    52
